 Dungeon Sprint DCSS version 0.21-a0-13-g3fd62ac (webtiles) character file.

105562 Goblin1989 the Epochal (level 15, -3/151 HPs)
             Began as a Demonspawn Monk on May 23, 2017.
             Was an Elder of Cheibriados.
             Slain by Antaeus
             ... wielding the +12 glaive of Prune {chop}
              (36 damage)
             ... in the Dungeon (Sprint V: "Ziggurat Sprint").
             The game lasted 00:34:50 (1523 turns).

Goblin1989 the Epochal (Demonspawn Monk)            Turns: 1523, Time: 00:34:50

Health: -3/151     AC: 46    Str: 47    XL:     15   Next: 95%
Magic:  9/32       EV: 23    Int: 21    God:    Cheibriados [****..]
Gold:   0          SH: 37    Dex: 32    Spells: 25/29 levels left

rFire    + . .     SeeInvis .   E - +5 broad axe (elec)
rCold    + + .     Gourm    .   D - +18 shield of the Gong {rElec rN+ MR+ EV-5}
rNeg     + . .     Faith    .   F - +9 gold dragon scales
rPois    +         Spirit   .   P - +0 hat {MR+}
rElec    +         Reflect  .   a - +1 cloak {rPois}
rCorr    .         Harm     .   Z - +2 pair of gloves {Str+3}
MR       +++..     NoTele   +   (no boots)
Stlth    ..........             Y - amulet of Vitality {Regen+ HP+15}
Regen    5.8/turn               y - +6 ring of strength
MPRegen  0.3/turn               z - +6 ring of strength

@: mighty, agile, lethally poisoned (-3 -> -3), sanguine armour, very slightly
contaminated, constricted, studying Charms, very slow
A: claws 1, horns 2, cold resistance 1, powered by death 3, freezing cloud
immunity, sanguine armour 2
a: Bend Time, Temporal Distortion, Slouch, Renounce Religion


You were in the Dungeon.
You worshipped Cheibriados.
Cheibriados was greatly pleased with you.
You were not hungry.

You visited 1 branch

Inventory:

Hand Weapons
 h - the +7 Spriggan's Knife {MR+ EV+4 Dex+4 Stlth+}
   (You took it off a centaur in the Dungeon)

   It affects your evasion (+4).
   It affects your dexterity (+4).
   It affects your resistance to hostile enchantments.
   It makes you more stealthy.
 w - a +8 blowgun {@w1}
 E - a +5 broad axe of electrocution (weapon)
 O - the +8 trident of the End {drain, rElec Int+8 Dex+4}
   (You took it off a yellow draconian in the Dungeon)

   A truly terrible weapon, it drains the life of those it strikes.
   It affects your intelligence (+8).
   It affects your dexterity (+4).
   It insulates you from electricity.
 S - the +4 broad axe of Udghup {flame, *Drain rElec Str+2 Int+3}
   (You found it in the Dungeon)

   It has been specially enchanted to burn those struck by it, causing extra
   injury to most foes and up to half again as much damage against particularly
   susceptible opponents.
   Big, fiery blades are also staple armaments of hydra-hunters.
   It affects your strength (+2).
   It affects your intelligence (+3).
   It insulates you from electricity.
   It causes draining when unequipped.
Armour
 a - a +1 cloak of poison resistance (worn)
 D - the +18 shield of the Gong (worn) {rElec rN+ MR+ EV-5}
   (You found it in the Dungeon)

   It affects your evasion (-5).
   It insulates you from electricity.
   It protects you from negative energy.
   It affects your resistance to hostile enchantments.
 F - +9 gold dragon scales (worn)
 J - the +4 cloak of Snakes and Ladders {*Corrode rElec Dex+3 Stlth+}
   (You found it in the Dungeon)

   It affects your dexterity (+3).
   It insulates you from electricity.
   It may corrode you when you take damage.
   It makes you more stealthy.
 P - a +0 hat of magic resistance (worn)
 Z - a +2 pair of gloves of strength (worn)
Jewellery
 c - an uncursed ring of protection from cold
 k - the amulet "Eteug" {Inacc rF+ rC+ MR+ Stlth+}
   (You found it in the Dungeon)

   [amulet of inaccuracy]

   It reduces the accuracy of all your attacks.
   It protects you from fire.
   It protects you from cold.
   It affects your resistance to hostile enchantments.
   It makes you more stealthy.
 r - the ring "Ipyts" {rN+ EV+4 Str-2 Dex+5 Stlth+}
   (You found it in the Dungeon)

   [ring of evasion]

   It affects your evasion (+4).
   It affects your strength (-2).
   It affects your dexterity (+5).
   It protects you from negative energy.
   It makes you more stealthy.
 y - a +6 ring of strength (left hand)
 z - a +6 ring of strength (right hand)
 C - the ring "Liawn" {AC+4 Str+2 Dex+2}
   (You found it in the Dungeon)

   [ring of protection]

   It affects your AC (+4).
   It affects your strength (+2).
   It affects your dexterity (+2).
 G - the amulet "Kuvoral" {Inacc +Fly rElec SInv}
   (You found it in the Dungeon)

   [amulet of inaccuracy]

   It reduces the accuracy of all your attacks.
   It insulates you from electricity.
   It lets you see invisible.
   It lets you fly.
 M - the ring "Sunafim" {rF+ Str+3 Dex+7}
   (You found it in the Dungeon)

   [ring of strength]

   It affects your strength (+3).
   It affects your dexterity (+7).
   It protects you from fire.
 Q - the ring "Meleocel" {Wiz Dex+2}
   (You found it in the Dungeon)

   [ring of wizardry]

   It improves your spell success rate.
   It affects your dexterity (+2).
 U - the ring "Nuadgh" {rF+ rN+ Str-3 Dex+4 SInv}
   (You found it in the Dungeon)

   [ring of see invisible]

   It affects your strength (-3).
   It affects your dexterity (+4).
   It protects you from fire.
   It protects you from negative energy.
   It lets you see invisible.
 W - the ring "Rijakea" {rPois MP+9 EV+3 SInv}
   (You found it in the Dungeon)

   [ring of evasion]

   It affects your evasion (+3).
   It protects you from poison.
   It affects your magic capacity (+9).
   It lets you see invisible.
 Y - the amulet of Vitality (around neck) {Regen+ HP+15}
   (You found it in the Dungeon)

   [amulet of regeneration]

   It affects your health (+15).
   It increases your rate of regeneration.
Wands
 A - a wand of acid (4/15)
 I - a wand of iceblast (9/15)
 L - a wand of lightning (5/15)
Scrolls
 o - 2 scrolls of recharging
 p - 6 scrolls of fog
 q - 5 scrolls of remove curse {@r2}
 B - a scroll of blinking
 R - 5 scrolls of identify {@r1}
 T - a scroll of brand weapon
 V - 2 scrolls of fear
Potions
 d - 7 potions of curing {@q1}
 f - 5 potions of heal wounds {@q2, !q}
 g - 5 potions of magic
 i - 2 potions of brilliance
 j - a potion of resistance
Books
 n - a book of Spatial Translocations

   Spells                             Type                      Level
   a - Blink                          Translocation                2
   b - Shroud of Golubria             Charms/Translocation         2
   c - Lesser Beckoning               Translocation                3
   d - Gell's Gravitas                Translocation                3
   e - Teleport Other                 Translocation                3
   f - Passage of Golubria            Translocation                4
 N - a manual of Charms
Miscellaneous
 u - a lamp of fire
 v - a phial of floods
 x - 2 boxes of beasts
 H - a fan of gales
Comestibles
 e - 5 bread rations {@e1}
 s - 42 fruits
 t - 2 meat rations {@e2}
 X - 3 royal jellies


   Skills:
 + Level 18.2 Fighting
 + Level 16.9 Axes
 + Level 18.2 Armour
 + Level 16.9 Dodging
 - Level 1.7 Stealth
 + Level 16.6 Shields
 - Level 7.8 Spellcasting
 - Level 9.6 Translocations
 O Level 27 Invocations


You had 25 spell levels left.
You knew the following spells:

 Your Spells              Type           Power        Failure   Level  Hunger
a - Lesser Beckoning      Tloc           #####.....   2%          3    None
o - Apportation           Tloc           #####.       1%          1    None


Dungeon Overview and Level Annotations

Branches:
Dungeon (1/1)

Altars:
Ashenzari
Cheibriados
Dithmenos
Elyvilon
Fedhas
Gozag
Hepliaklqana
Kikubaaqudgha
Makhleb
Nemelex Xobeh
Okawaru
Qazlal
Ru
Sif Muna
Trog
Uskayaw
Vehumet
Wu Jian
Xom
Yredelemnul
Zin
The Shining One
Beogh
Jiyva
Lugonu

Annotations:
D 1 transporter, Geryon, Mara, Mnoleg, Urug


Innate Abilities, Weirdness & Mutations

You have a pair of horns on your head.
Your flesh is cold resistant. (rC+)
You regenerate a lot of health from kills.
You are immune to freezing clouds.
When seriously injured, your bleeding wounds create thick armour. (AC +9)
You have sharp fingernails.


Message History

Mnoleg gestures.
Mnoleg gestures.
You block the tentacled monstrosity's attack.
BOUMMMMG!
The tentacled monstrosity misses you. x2
The tentacled monstrosity completely misses you.
You regained 5 hp, and now have 73/151 hp.
Unknown command.
You barely miss the tentacled monstrosity.
You headbutt the tentacled monstrosity.
The tentacled monstrosity is severely wounded.
You slice the hell beast!! You block the hell beast's attack.
GONNNNG!
You block the hell beast's attack.
BOUMMMMG!
Something hits Mara!!
The eldritch tentacle closely misses Mara.
The eldritch tentacle claws Mara!
The eldritch tentacle shocks Mara.
Mara resists.
The hell beast bites your large abomination.
The hell beast tramples your large abomination but does no damage.
You regained 4 hp, and now have 77/151 hp.
You slash the tentacled monstrosity!
Your headbutt misses the tentacled monstrosity.
The tentacled monstrosity is moderately wounded.
You slice the hell beast!!
You kill the hell beast!
You hit the tentacled monstrosity.
You feel sick.
Mara seems less confused.
Urug no longer looks unusually strong.
Something completely misses your large abomination.
The eldritch tentacle barely misses Mara.
The eldritch tentacle claws Mara!!
Antaeus hits you from afar with the +12 glaive of Prune {chop}!!!
* * * LOW HITPOINT WARNING * * *
Antaeus freezes you! You resist.
* * * LOW HITPOINT WARNING * * *
x2 You block Antaeus's attack.
GONNNNG!
The tentacled monstrosity tentacle-slaps you but does no damage. x2
You block the tentacled monstrosity's attack.
PTOANNNG!
You block the tentacled monstrosity's attack.
PTOANNNG!
Mara hits the eldritch tentacle with a demon blade of flaming!
The hell beast bites your large abomination!!
The hell beast closely misses your large abomination.
Mnoleg calls on the powers of chaos!
Mara seems to speed up.
The large abomination suddenly seems more agile.
The tentacled monstrosity looks momentarily different.
The tentacled monstrosity seems to grow stronger.
The hell beast seems to grow stronger.
The eye of draining suddenly seems more agile.
Urug goes berserk!
Mara seems to speed up.
Antaeus seems to grow stronger.
Geryon's appearance momentarily alters.
You block the tentacled monstrosity's attack.
PANG!
The tentacled monstrosity tentacle-slaps you but does no damage.
The tentacled monstrosity completely misses you.
The tentacled monstrosity grabs you.
* * * LOW HITPOINT WARNING * * *
The tentacled monstrosity constricts you!
Your large abomination hits the hell beast!!!
Mnoleg claws the eye of draining.
Mnoleg tentacle-slaps the eye of draining!!
The eye of draining twists and deforms.
Mnoleg gores the eye of draining!
Mnoleg kicks the eye of draining!
The eye of draining dies!
The large abomination hits Mara!!
You take 73 damage, and have 4/151 hp.
MASSIVE DAMAGE!!
Really quaff
f - 6 potions of heal wounds {@q2, !q}?
You feel much better.
Antaeus shimmers and vanishes!
Geryon winds a great silver horn.
The eldritch tentacle closely misses Mara.
The eldritch tentacle claws Mara!
Space bends around Mara.
Your large abomination hits Mara!!
Mara's features momentarily become yours. "Wouldst slay thyself?"
Your large abomination misses Mnoleg.
You block the tentacled monstrosity's attack.
PTOANNNG!
You block the tentacled monstrosity's attack.
PTOANNNG!
You block the tentacled monstrosity's attack.
SHROANNG!
Mara hits the large abomination with a demon blade of flaming!
Mara burns the large abomination.
Mnoleg calls on the powers of chaos!
Mara suddenly seems more agile.
Your large abomination seems to speed up. x3
Your large abomination blinks!
Your tentacled monstrosity suddenly seems more agile.
Your large abomination seems to speed up.
Your tentacled monstrosity seems to speed up.
The eye of draining gazes at you.
You feel your power leaking away. Antaeus misses you.
Antaeus hits you from afar with the +12 glaive of Prune {chop}!!!
You die...

▓▓...............▓..▓.......▓..▓.
▓▓...............▓.▓.▓.....▓.▓.▓.
▓▓...▓.......▓.. ▓..▓.......▓..▓.
▓▓..▓.▓.....▓.▓..▓.............▓▓
▓▓...▓.......▓...▓.............▓.
▓▓...............▓▓▓▓▓▓▓▓▓▓▓▓▓▓▓.
▓...............▓.....8©8.....▓.
▓▓▓▓▓▓▓▓▓▓▓▓▓▓▓▓▓..|}:[)})||..▓.
©8.....@▓..)|.)..)|}..▓.
:)}):RXX▓.............▓.
X![.XoXC▓.............▓.
▓......?2)..R...▓.............▓.
▓....R.o)XX&&X..▓.............▓.
▓........R&X.X2G▓.............▓.
▓....)o)w.XXX...▓..▓.......▓..▓.
▓...2R&§*.X.R...▓)▓▓▓.....▓▓▓.▓▓
▓..2.2&.§.....§§▓))▓.......▓..▓.


You could see Antaeus, Mnoleg, Geryon, 3 Maras, 2 tentacled monstrosities, an
eldritch tentacle, 2 hell beasts, Urug (berserk), 3 large abominations, an eye
of draining, the friendly Mnoleg, the friendly Mara, 3 friendly tentacled
monstrosities and 6 friendly large abominations.

Vanquished Creatures
  Gloorx Vloq (D)
  Ereshkigal (D)
  Boris (D)
  the Lernaean hydra (D)
  Saint Roka (D)
  A tentacled monstrosity (D)
  2 acid blobs (D)
  A quicksilver dragon (D)
  2 Orb Guardians (D)
  A fire giant (D)
  Donald (D)
  A vault warden (D)
  A frost giant (D)
  5 azure jellies (D)
  An iron dragon (D)
  3 ghost moths (D)
  Aizul (D)
  2 stone giants (D)
  A vampire knight (D)
  An entropy weaver (D)
  2 white draconians (D)
  5 black draconians (D)
  4 yellow draconians (D)
  2 red draconians (D)
  A green draconian (D)
  A purple draconian (D)
  Nessos (D)
  Snorg (D)
  A crystal guardian (D)
  3 great orbs of eyes (D)
  Erica (D)
  3 vault guards (D)
  3 two-headed ogres (D)
  2 vampire magi (D)
  An ogre mage (D)
  A wretched star (D)
  A skeletal warrior (D)
  3 iron golems (D)
  A necromancer (D)
  Pikel (D)
  A deep elf archer (D)
  An orc knight (D)
  An orb spider (D)
  6 draconians (D)
  2 shining eyes (D)
  3 wolf spiders (D)
  3 cyclopes (D)
  A black mamba (D)
  A guardian serpent (D)
  2 moths of wrath (D)
  3 naga magi (D)
  A spiny frog (D)
  4 eyes of devastation (D)
  A torpor snail (D)
  A gargoyle (D)
  A komodo dragon (D)
  4 demonic crawlers (D)
  2 yaktaurs (D)
  Grinder (D)
  2 jumping spiders (D)
  2 trolls (D)
  3 merfolk (D)
  2 hornets (D)
  8 slime creatures (D)
  Prince Ribbit (D)
  2 hippogriffs (D)
  4 shadows (D)
  2 vampires (D)
  3 redbacks (D)
  A basilisk (D)
  4 golden eyes (D)
  A chaos spawn (D)
  3 nagas (D)
  3 water moccasins (D)
  2 porcupines (D)
  A necrophage (D)
  An eye of draining (D)
  4 centaurs (D)
  A small abomination (D)
  5 earth elementals (D)
  4 wights (D)
  A crimson imp (D)
  2 quasits (D)
  5 jellies (D)
  2 orc priests (D)
  An iron imp (D)
  2 orc wizards (D)
  Terence (D)
  Jessica (D)
  2 iguanas (D)
  2 adders (D)
  A river rat (D)
  2 shadow imps (D)
  2 white imps (D)
  An ufetubus (D)
  2 oozes (D)
  2 adder skeletons (D)
  An adder zombie (D)
  An orc (D)
  A bat skeleton (D)
  2 bat zombies (D)
  A jackal (D)
  2 ball pythons (D)
  A giant cockroach zombie (D)
  A leopard gecko zombie (D)
204 creatures vanquished.

Vanquished Creatures (others)
  An eldritch tentacle (D)
1 creature vanquished.

Grand Total: 205 creatures vanquished

Notes
Turn   | Place    | Note
-------+----------+-------------------------------------------
     0 | D        | Goblin1989 the Demonspawn Monk began the quest for the Orb.
     0 | D        | Reached XP level 1. HP: 18/18 MP: 1/1
     2 | D        | Found a blossoming altar of Fedhas.
     3 | D        | Found a viscous altar of Jiyva.
     3 | D        | Found a hazy altar of Hepliaklqana.
     3 | D        | Found an opulent altar of Gozag.
     3 | D        | Found an ancient bone altar of Kikubaaqudgha.
     3 | D        | Found a corrupted altar of Lugonu.
     3 | D        | Banished a spatial maelstrom
     6 | D        | Found a deep blue altar of Sif Muna.
     6 | D        | Found a sacrificial altar of Ru.
     6 | D        | Found a bloodstained altar of Trog.
     6 | D        | Found a stormy altar of Qazlal.
     6 | D        | Found an iron altar of Okawaru.
     6 | D        | Found a sparkling altar of Nemelex Xobeh.
     8 | D        | Found a burning altar of Makhleb.
    91 | D        | Became a worshipper of Cheibriados the Contemplative
    91 | D        | Reached * piety under Cheibriados
    91 | D        | Reached ** piety under Cheibriados
    99 | D        | Reached skill level 4 in Invocations
    99 | D        | Gained mutation: You have a pair of small horns on your head. [demonic ancestry]
    99 | D        | Reached XP level 2. HP: 25/25 MP: 1/5
   109 | D        | Entered arena 2.
   109 | D        | Noticed a centaur
   109 | D        | Noticed a yaktaur
   113 | D        | Killed a centaur
   113 | D        | Reached skill level 6 in Invocations
   113 | D        | Gained mutation: You have a pair of horns on your head. [demonic ancestry]
   113 | D        | Reached XP level 3. HP: 25/31 MP: 2/7
   113 | D        | Gained mutation: Your flesh is cold resistant. (rC+) [demonic ancestry]
   113 | D        | Reached XP level 4. HP: 31/38 MP: 2/9
   117 | D        | Killed a yaktaur
   117 | D        | Reached skill level 5 in Axes
   117 | D        | Reached skill level 5 in Dodging
   117 | D        | Reached skill level 9 in Invocations
   117 | D        | Reached XP level 5. HP: 38/46 MP: 3/12
   117 | D        | Reached XP level 6. HP: 43/52 MP: 3/13
   190 | D        | Entered arena 3.
   190 | D        | Noticed a chaos spawn
   193 | D        | Killed a chaos spawn
   193 | D        | Reached *** piety under Cheibriados
   193 | D        | Reached skill level 10 in Invocations
   196 | D        | Reached **** piety under Cheibriados
   196 | D        | Reached skill level 5 in Armour
   196 | D        | Reached skill level 5 in Shields
   204 | D        | Entered arena 4.
   207 | D        | Gained mutation: When seriously injured, your bleeding wounds create armour. (AC +9) [demonic ancestry]
   207 | D        | Reached XP level 7. HP: 59/59 MP: 13/15
   221 | D        | Entered arena 5.
   225 | D        | Reached ***** piety under Cheibriados
   230 | D        | Reached skill level 11 in Invocations
   236 | D        | Got the cursed +1 scale mail "Cuzeegel" {rPois rCorr Dex+3}
   244 | D        | Entered arena 6.
   250 | D        | Reached ****** piety under Cheibriados
   262 | D        | Learned a level 3 spell: Lesser Beckoning
   264 | D        | Entered arena 7.
   264 | D        | Noticed a hippogriff
   264 | D        | Noticed a komodo dragon
   264 | D        | Noticed a spiny frog
   264 | D        | Noticed a basilisk
   266 | D        | Reached skill level 1 in Translocations
   269 | D        | Killed a basilisk
   269 | D        | Reached skill level 12 in Invocations
   269 | D        | Gained mutation: You regenerate a little health from kills. [demonic ancestry]
   269 | D        | Reached XP level 8. HP: 54/67 MP: 15/17
   272 | D        | Killed a hippogriff
   274 | D        | Killed a komodo dragon
   275 | D        | Killed a spiny frog
   275 | D        | Reached skill level 13 in Invocations
   384 | D        | Entered arena 8.
   384 | D        | Noticed a wretched star
   395 | D        | Gained mutation: You regenerate health from kills. [demonic ancestry]
   395 | D        | Reached XP level 9. HP: 45/75 MP: 19/19
   400 | D        | Killed a wretched star
   400 | D        | Reached skill level 14 in Invocations
   440 | D        | Identified the Compendium of Damaging Poison (You found it in the Dungeon)
   442 | D        | Identified Imeeseru's Almanac of Transformation (You found it in the Dungeon)
   444 | D        | Entered arena 9.
   444 | D        | Noticed a merfolk
   444 | D        | Noticed a merfolk
   444 | D        | Noticed a merfolk
   448 | D        | Killed a merfolk
   461 | D        | Killed a merfolk
   461 | D        | Reached skill level 5 in Translocations
   461 | D        | Killed a merfolk
   478 | D        | Got the cursed +0 robe "Gaifoiwk" {rElec rPois MR- Slay+5}
   494 | D        | Entered arena 10.
   494 | D        | Noticed a draconian
   494 | D        | Noticed a black draconian
   494 | D        | Noticed a draconian
   494 | D        | Noticed a yellow draconian
   494 | D        | Noticed a draconian
   494 | D        | Noticed a draconian
   494 | D        | Noticed a draconian
   494 | D        | Noticed a draconian
   498 | D        | Killed a draconian
   498 | D        | Reached skill level 1 in Spellcasting
   498 | D        | Reached skill level 15 in Invocations
   498 | D        | Reached XP level 10. HP: 83/83 MP: 5/21
   498 | D        | Killed a draconian
   498 | D        | Killed a draconian
   498 | D        | Killed a draconian
   498 | D        | Killed a draconian
   498 | D        | Reached skill level 16 in Invocations
   498 | D        | Killed a draconian
   498 | D        | Reached skill level 10 in Fighting
   501 | D        | Killed a black draconian
   504 | D        | Killed a yellow draconian
   504 | D        | Gained mutation: When seriously injured, your bleeding wounds create thick armour. (AC +9) [demonic ancestry]
   504 | D        | Reached XP level 11. HP: 54/92 MP: 2/23
   506 | D        | Got the +8 trident of the End {drain, rElec Int+8 Dex+4}
   649 | D        | Entered arena 11.
   649 | D        | Noticed a vault guard
   649 | D        | Noticed a stone giant
   649 | D        | Noticed an ogre mage
   649 | D        | Noticed a vault guard
   649 | D        | Noticed a deep elf archer
   649 | D        | Noticed a vault warden
   649 | D        | Noticed a vault guard
   649 | D        | Noticed an orc knight
   653 | D        | Killed a deep elf archer
   653 | D        | Reached skill level 17 in Invocations
   654 | D        | Killed an ogre mage
   656 | D        | Killed an orc knight
   656 | D        | Reached skill level 10 in Axes
   657 | D        | Killed a vault guard
   657 | D        | Reached skill level 5 in Spellcasting
   658 | D        | Killed a vault guard
   658 | D        | Reached skill level 10 in Dodging
   658 | D        | Killed a vault guard
   658 | D        | Reached skill level 18 in Invocations
   659 | D        | Killed a vault warden
   662 | D        | Killed a stone giant
   662 | D        | Reached skill level 10 in Armour
   662 | D        | Reached skill level 10 in Shields
   679 | D        | Got the +0 plate armour of the Desert {rElec Int+6}
   681 | D        | Got the amulet "Kuvoral" {Inacc +Fly rElec SInv}
   696 | D        | Entered arena 12.
   696 | D        | Noticed a two-headed ogre
   697 | D        | Noticed a two-headed ogre
   697 | D        | Noticed a frost giant
   697 | D        | Noticed a fire giant
   697 | D        | Noticed a two-headed ogre
   701 | D        | Killed a two-headed ogre
   703 | D        | Killed a two-headed ogre
   703 | D        | Gained mutation: You regenerate a lot of health from kills. [demonic ancestry]
   703 | D        | Reached XP level 12. HP: 77/100 MP: 25/25
   705 | D        | Killed a fire giant
   705 | D        | Reached skill level 19 in Invocations
   705 | D        | Killed a two-headed ogre
   706 | D        | Killed a frost giant
   718 | D        | Got the ring "Meleocel" {Wiz Dex+2}
   727 | D        | Entered arena 13.
   727 | D        | Noticed a vampire knight
   729 | D        | Noticed a vampire mage
   736 | D        | Killed a vampire knight
   750 | D        | Killed a vampire mage
   757 | D        | Identified the Reference Book on Supportive Orientation (You found it in the Dungeon)
   757 | D        | Identified the Reference Book on Supportive Orientation (You found it in the Dungeon)
   759 | D        | Learned a level 1 spell: Apportation
   770 | D        | Entered arena 14.
   770 | D        | Noticed a vampire mage
   775 | D        | Killed a vampire mage
   775 | D        | Reached skill level 20 in Invocations
   831 | D        | Identified the Almanac of Conjuration and Good Luck (You found it in the Dungeon)
   837 | D        | Entered arena 15.
   838 | D        | Noticed an iron dragon
   838 | D        | Noticed a crystal guardian
   838 | D        | Noticed a quicksilver dragon
   841 | D        | Noticed a stone giant
   844 | D        | Killed a quicksilver dragon
   851 | D        | Killed a crystal guardian
   853 | D        | Gained mutation: You are immune to freezing clouds. [demonic ancestry]
   853 | D        | Reached XP level 13. HP: 54/109 MP: 21/27
   858 | D        | Killed an iron dragon
   862 | D        | Killed a stone giant
   862 | D        | Reached skill level 21 in Invocations
   887 | D        | Got the ring "Sunafim" {rF+ Str+3 Dex+7}
   893 | D        | Got the ring "Nuadgh" {rF+ rN+ Str-3 Dex+4 SInv}
   901 | D        | Identified the Grimoire of Sinister Rituals (You found it in the Dungeon)
   911 | D        | Entered arena 16.
   913 | D        | Noticed an acid blob
   915 | D        | Noticed an acid blob
   916 | D        | Noticed an azure jelly
   920 | D        | Killed an acid blob
   922 | D        | Killed an acid blob
   925 | D        | Killed an azure jelly
   925 | D        | Reached skill level 22 in Invocations
   929 | D        | Gained mutation: You have sharp fingernails. [a shining eye]
   940 | D        | Got the ring "Rijakea" {rPois MP+9 EV+3 SInv}
  1038 | D        | Entered arena 17.
  1060 | D        | Got the ring of Cass {rC+ EV+3 Str+3 Int-2 Stlth+}
  1082 | D        | Got the ring "Liawn" {AC+4 Str+2 Dex+2}
  1088 | D        | Identified the Incunabulum of Summoning (You found it in the Dungeon)
  1116 | D        | Entered arena 18.
  1134 | D        | Noticed a black draconian
  1134 | D        | Noticed a white draconian
  1134 | D        | Noticed a green draconian
  1134 | D        | Noticed an Orb Guardian
  1134 | D        | Noticed a white draconian
  1134 | D        | Noticed an Orb Guardian
  1134 | D        | Noticed a black draconian
  1135 | D        | Noticed a black draconian
  1135 | D        | Noticed a yellow draconian
  1135 | D        | Noticed a red draconian
  1135 | D        | Noticed a tentacled monstrosity
  1135 | D        | Noticed a black draconian
  1135 | D        | Noticed a yellow draconian
  1137 | D        | Noticed a yellow draconian
  1137 | D        | Noticed a red draconian
  1138 | D        | Noticed a purple draconian
  1141 | D        | Killed an Orb Guardian
  1143 | D        | Killed an Orb Guardian
  1143 | D        | Reached skill level 23 in Invocations
  1147 | D        | Killed a black draconian
  1149 | D        | Killed a black draconian
  1149 | D        | Reached XP level 14. HP: 120/120 MP: 5/29
  1152 | D        | Killed a tentacled monstrosity
  1167 | D        | Reached skill level 24 in Invocations
  1182 | D        | Reached skill level 15 in Fighting
  1258 | D        | Entered arena 19.
  1261 | D        | Noticed an entropy weaver
  1273 | D        | Killed a ghost moth
  1279 | D        | Killed an entropy weaver
  1279 | D        | Reached skill level 25 in Invocations
  1279 | D        | Killed a ghost moth
  1285 | D        | Killed a ghost moth
  1312 | D        | Got the ring "Ipyts" {rN+ EV+4 Str-2 Dex+5 Stlth+}
  1325 | D        | Got the ring "Dynasiw" {Fire Dex+2}
  1347 | D        | Got the ring of Tophulet {Fire -Tele MR+ Int+5 Dex+4}
  1375 | D        | Entered arena 20.
  1381 | D        | Noticed an azure jelly
  1381 | D        | Paralysed by a great orb of eyes for 6 turns
  1405 | D        | Killed an azure jelly
  1405 | D        | Reached skill level 15 in Armour
  1427 | D        | Noticed an azure jelly
  1427 | D        | Noticed an azure jelly
  1428 | D        | Noticed an azure jelly
  1432 | D        | Killed an azure jelly
  1432 | D        | Killed an azure jelly
  1432 | D        | Reached skill level 15 in Axes
  1432 | D        | Reached XP level 15. HP: 131/131 MP: 15/31
  1432 | D        | Reached skill level 26 in Invocations
  1432 | D        | Killed an azure jelly
  1432 | D        | Reached skill level 15 in Dodging
  1456 | D        | Got the +1 robe "Yte Wyih" {+Blink rN+ Dex+6 Slay-3}
  1463 | D        | Got the amulet "Eteug" {Inacc rF+ rC+ MR+ Stlth+}
  1466 | D        | Got the +4 cloak of Snakes and Ladders {*Corrode rElec Dex+3 Stlth+}
  1480 | D        | Got the +4 broad axe of Udghup {flame, *Drain rElec Str+2 Int+3}
  1486 | D        | Entered arena 21.
  1491 | D        | Noticed Pikel
  1491 | D        | Noticed Mnoleg
  1492 | D        | Noticed Donald
  1492 | D        | Noticed Prince Ribbit
  1492 | D        | Noticed Nessos
  1492 | D        | Noticed Gloorx Vloq
  1492 | D        | Noticed Geryon
  1492 | D        | Noticed Boris
  1493 | D        | Noticed an Executioner
  1493 | D        | Noticed Ereshkigal
  1493 | D        | Noticed Erica
  1493 | D        | Noticed the 27-headed Lernaean hydra
  1493 | D        | Noticed Terence
  1493 | D        | Noticed Aizul
  1493 | D        | Killed Prince Ribbit
  1493 | D        | Killed Pikel
  1493 | D        | Killed Nessos
  1494 | D        | Noticed a tentacled monstrosity
  1494 | D        | Noticed a tentacled monstrosity
  1494 | D        | Noticed Mara
  1494 | D        | Noticed Antaeus
  1494 | D        | Killed Terence
  1495 | D        | Noticed Urug
  1495 | D        | Noticed Jessica
  1495 | D        | Killed Donald
  1495 | D        | Killed Jessica
  1496 | D        | Noticed Goblin1989's illusion
  1496 | D        | Noticed an Executioner
  1496 | D        | Noticed an Executioner
  1496 | D        | Noticed a tentacled monstrosity
  1496 | D        | Noticed Snorg
  1496 | D        | Killed Aizul
  1496 | D        | Killed Erica
  1496 | D        | Reached skill level 15 in Shields
  1497 | D        | Noticed an Executioner
  1497 | D        | Noticed an Executioner
  1497 | D        | Noticed an Executioner
  1497 | D        | Noticed an Executioner
  1497 | D        | Noticed Grinder
  1499 | D        | Killed the 26-headed Lernaean hydra
  1500 | D        | Noticed a tentacled monstrosity
  1500 | D        | Noticed Saint Roka
  1501 | D        | HP: 6/147 [Ereshkigal/uncursed staff of conjuration (19)]
  1505 | D        | Killed Gloorx Vloq
  1505 | D        | Reached skill level 27 in Invocations
  1505 | D        | Killed Snorg
  1506 | D        | Noticed a tentacled monstrosity
  1508 | D        | Killed Grinder
  1510 | D        | Killed Boris
  1511 | D        | Killed Saint Roka
  1513 | D        | Killed Ereshkigal
  1514 | D        | Noticed a tentacled monstrosity
  1522 | D        | HP: 4/151 [tentacled monstrosity[Mnoleg] (7)]
  1523 | D        | Slain by Antaeus

Vault maps used:
D:        sprint_v

Skill      XL: |  1  2  3  4  5  6  7  8  9 10 11 12 13 14 15 |
---------------+----------------------------------------------+-----
Fighting       | 4 6 7 8 9 10 11 12 14 16 18 | 18.2
Axes           | 3 4 5 6 7 8 9 10 11 13 15 16 | 16.9
Armour         | 2 3 4 5 6 8 9 10 11 12 15 18 | 18.2
Dodging        | 3 4 5 6 7 8 9 10 11 13 14 16 | 16.9
Shields        | 2 3 4 5 6 7 9 10 11 12 14 16 | 16.6
Invocations    | 4 6 9 10 12 13 15 16 18 20 23 25 27 | 27.0
Translocations | 1 3 5 7 9 |  9.6
Spellcasting   | 1 4 6 7 |  7.8
Stealth        | |  1.7

Action                   |  1- 3 |  4- 6 |  7- 9 | 10-12 | 13-15 || total
-------------------------+-------+-------+-------+-------+-------++-------
Melee: Broad axe         |     2 |     9 |    50 |    77 |   118 ||   256
       Headbutt          |     1 |     4 |    14 |    42 |    50 ||   111
Invok: Slouch            |       |       |     3 |     4 |    31 ||    38
       Step From Time    |       |       |     1 |       |       ||     1
Evoke: Wand              |       |       |       |     2 |     4 ||     6
       Lamp of fire      |       |       |       |     1 |       ||     1
       Phantom mirror    |       |       |       |       |     3 ||     3
  Use: Potion            |     3 |     2 |     2 |     3 |    14 ||    24
       Scroll            |       |       |     1 |     1 |     8 ||    10
  Eat: Meat ration       |       |       |       |     2 |       ||     2
Armor: Plate armour      |       |     2 |    54 |     1 |       ||    57
       Gold dragon scale |       |       |       |    27 |   318 ||   345
Dodge: Dodged            |     3 |     6 |    79 |    64 |   401 ||   553
Block: Buckler           |     7 |     6 |    53 |     4 |       ||    70
       Shield            |       |       |       |    96 |   277 ||   373

Vault maps used:
D:        sprint_v
